Map: 포트 알렉산더 - 래더

Players

Solar

  • Race: Zerg Zerg
  • Spawn Location: 11:00

Ragnarok (SHIN) - Winner!

  • Race: Zerg Zerg
  • Spawn Location: 5:00

Event: IEM Season 13: Katowice (2019)

VOD

Have the link to the VOD?

Description

Time

  • Played on: March 1, 2019, 9:20 a.m.
  • Length: 21:27

All games in this series

Show
View Real Time Build Order
Export as new Build Order

Solar Zerg 

Build Orders: Hatch First, Lurkers 

Get SALT Encoding   

  12  0:01  Drone  
  13  0:12  Overlord  
  13  0:18  Drone  
  14  0:31  Drone x2  
  16  0:50  Hatchery  
  16  0:53  Drone  
  16  0:57  Drone  
  16  0:59  Drone  
  18  1:11  Extractor  
  18  1:16  Spawning Pool  
  17  1:18  Drone  
  17  1:22  Drone  
  18  1:28  Drone  
  19  1:39  Drone  
  20  1:51  Overlord  
  20  2:02  Queen x2  
  20  2:03  Drone x2  
  26  2:13  Drone x2  
  26  2:14  Metabolic Boost  
  28  2:25  Drone x2  
  30  2:36  Drone  
  31  2:45  Baneling Nest, Zergling x2  
  31  2:46  Hatchery  
  31  2:48  Drone  
  31  2:55  Drone  
  31  2:56  Overlord  
  32  2:58  Zergling x2  
  32  3:05  Drone  
  34  3:06  Drone  
  34  3:12  Drone  
  36  3:15  Drone x3, Zergling x2  
  36  3:16  Drone  
  41  3:21  Queen  
  41  3:25  Overlord  
  43  3:27  Drone  
  43  3:31  Baneling x2  
  43  3:44  Zergling x2  
  43  3:45  Zergling x14  
  43  3:47  Baneling x2  
  51  3:49  Evolution Chamber  
  51  3:53  Zergling x2  
  51  3:58  Drone  
  51  3:59  Overlord  
  51  4:00  Drone  
  53  4:09  Drone x3  
  56  4:14  Zergling x2  
  56  4:15  Drone  
  58  4:19  Overlord  
  58  4:20  Drone  
  58  4:25  Extractor  
  58  4:26  Roach Warren  
  58  4:27  Extractor  
  58  4:30  Drone x2  
  57  4:33  Drone x2  
  57  4:34  Overlord  
  57  4:36  Drone  
  57  4:37  Overlord  
  60  4:38  Overlord  
  60  4:42  Overlord  
  60  4:45  Overlord  
  60  5:07  Roach x9  
  60  5:09  Roach  
  60  5:12  Roach  
  80  5:19  Roach x2  
  84  5:22  Zergling x8  
  84  5:24  Overlord  
  84  5:27  Zergling x4  
  90  5:33  Lair  
  90  5:34  Drone x3  
  92  5:40  Drone x3  
  92  5:42  Drone, Extractor  
  95  5:44  Drone  
  95  5:51  Drone  
  95  5:52  Drone x2  
  95  5:53  Drone x4  
  102  5:57  Overlord  
  102  6:03  Drone  
  102  6:04  Drone  
  104  6:07  Overlord  
  104  6:08  Drone x3  
  106  6:13  Zerg Missile Weapons Level 1  
  106  6:14  Extractor  
  106  6:16  Drone  
  106  6:17  Drone x2  
  102  6:22  Overlord  
  102  6:23  Roach x2  
  105  6:27  Drone  
  105  6:30  Overlord  
  105  6:31  Roach x3  
  112  6:35  Overseer  
  112  6:37  Glial Reconstitution  
  112  6:39  Evolution Chamber  
  113  6:40  Roach x2  
  113  6:41  Overseer  
  113  6:43  Roach  
  113  6:45  Roach  
  119  6:49  Roach, Spine Crawler  
  119  6:50  Roach  
  119  6:51  Roach  
  119  6:52  Baneling x2  
  119  6:53  Roach  
  126  6:57  Roach x2  
  132  7:01  Ravager x3  
  132  7:03  Roach x4  
  132  7:05  Roach  
  132  7:06  Roach  
  145  7:10  Roach  
  145  7:11  Overlord  
  145  7:15  Roach  
  149  7:19  Overlord  
  149  7:22  Roach x2  
  153  7:26  Overlord  
  151  7:30  Roach x5  
  151  7:32  Roach x3  
  151  7:34  Roach  
  151  7:35  Roach  
  146  7:42  Roach  
  119  7:45  Roach  
  119  7:50  Roach x4  
  112  7:52  Roach  
  112  7:54  Roach  
  112  7:57  Roach  
  110  8:00  Drone  
  110  8:01  Drone x2  
  113  8:08  Roach x3  
  113  8:12  Zerg Missile Weapons Level 2  
  119  8:15  Roach  
  119  8:18  Queen  
  119  8:19  Roach  
  125  8:21  Roach  
  125  8:26  Roach  
  129  8:32  Roach x3  
  135  8:35  Roach x2  
  139  8:42  Roach x2  
  139  8:43  Roach, Ravager  
  146  8:53  Roach  
  146  8:54  Roach  
  150  8:58  Roach  
  150  9:00  Roach  
  150  9:01  Roach  
  150  9:02  Hatchery  
  155  9:03  Overlord  
  155  9:07  Burrow  
  155  9:09  Tunneling Claws  
  155  9:15  Roach x3  
  161  9:19  Roach x2  
  161  9:21  Overlord  
  161  9:24  Roach  
  167  9:28  Roach x2  
  167  9:30  Ravager  
  172  9:31  Roach  
  172  9:33  Overlord  
  172  9:35  Roach x2  
  172  9:36  Roach  
  176  9:41  Roach x3  
  176  9:45  Drone x2, Extractor  
  183  9:47  Ravager x2  
  183  9:52  Drone x3, Hydralisk Den  
  187  9:55  Drone  
  186  10:01  Drone x3  
  186  10:02  Spore Crawler  
  186  10:03  Drone x2  
  190  10:19  Spore Crawler  
  190  10:20  Spore Crawler x2  
  190  10:21  Drone x2  
  189  10:22  Drone  
  189  10:23  Spore Crawler, Hydralisk x2  
  189  10:26  Roach x3  
  189  10:27  Roach x3  
  193  10:28  Grooved Spines  
  193  10:30  Lurker Den  
  193  10:32  Overlord  
  193  10:33  Roach x3, Spore Crawler  
  191  10:40  Overlord  
  191  10:41  Spore Crawler  
  190  10:44  Roach x2  
  190  10:46  Hydralisk x3  
  191  10:51  Overlord  
  191  10:54  Hydralisk x2  
  191  10:56  Roach  
  188  11:01  Roach x3  
  190  11:05  Hydralisk  
  190  11:09  Roach  
  190  11:14  Hydralisk  
  190  11:15  Hydralisk  
  188  11:21  Hydralisk  
  188  11:24  Hydralisk x4  
  188  11:25  Roach  
  194  11:29  Roach  
  194  11:30  Hydralisk x2  
  198  11:33  Roach  
  200  11:43  Queen  
  200  11:44  Overlord  
  200  11:45  Overlord  
  200  11:46  Spore Crawler  
  199  11:47  Overlord  
  199  11:51  Overlord  
  199  11:54  Overlord  
  197  11:56  Roach x7  
  197  11:57  Overlord  
  197  12:07  Lurker x3  
  197  12:08  Lurker x2  
  198  12:16  Zerg Ground Armor Level 1  
  198  12:19  Pneumatized Carapace  
  198  12:20  Hydralisk  
  200  12:23  Hydralisk x2  
  200  12:28  Hydralisk  
  200  12:46  Infestation Pit  
  200  12:49  Hydralisk x3  
  195  12:54  Lurker x2  
  195  12:55  Lurker  
  195  12:56  Hydralisk x3  
  200  12:59  Muscular Augments  
  200  13:17  Roach  
  200  13:19  Hydralisk, Infestation Pit  
  198  13:28  Hive  
  198  13:30  Roach  
  198  13:37  Roach  
  198  13:38  Hydralisk  
  200  13:53  Hydralisk x2  
  200  13:57  Roach, Hydralisk  
  200  13:58  Roach, Hydralisk  
  200  13:59  Roach  
  200  14:01  Roach  
  196  14:10  Roach  
  196  14:11  Roach x4  
  196  14:12  Roach x2  
  196  14:15  Roach x2  
  196  14:16  Roach x2  
  193  14:17  Roach x3  
  193  14:19  Roach x9  
  193  14:20  Roach x2  
  193  14:21  Roach  
  170  14:25  Roach  
  170  14:27  Roach  
  170  14:30  Roach  
  172  14:41  Lurker x5  
  175  14:48  Spore Crawler  
  175  14:50  Viper  
  175  14:51  Spore Crawler  
  176  14:54  Spore Crawler  
  176  14:58  Hydralisk x2  
  175  15:03  Spore Crawler  
  175  15:06  Roach x2, Hydralisk x2  
  172  15:11  Hydralisk  
  172  15:13  Roach x29  
  176  15:14  Spore Crawler  
  176  15:17  Spore Crawler  
  174  15:21  Hydralisk  
  174  15:26  Hydralisk  
  176  15:30  Hydralisk  
  176  15:33  Hydralisk  
  172  15:39  Hydralisk  
  169  15:43  Hydralisk  
  169  15:48  Hydralisk  
  168  15:54  Hydralisk  
  165  15:58  Roach x4  
  165  15:59  Viper  
  168  16:07  Hydralisk  
  168  16:09  Hydralisk  
  160  16:13  Hydralisk  
  160  16:17  Hydralisk  
  151  16:22  Viper  
  151  16:25  Roach x8  
  142  16:27  Hydralisk  
  132  16:33  Hydralisk  
  132  16:38  Hydralisk  
  134  16:40  Hydralisk  
  128  16:51  Roach x3  
  131  16:56  Roach  
  131  17:01  Drone x2  
  129  17:03  Drone  
  126  17:12  Adaptive Talons  
  122  17:16  Hydralisk  
  122  17:20  Roach  
  124  17:25  Hydralisk  
  122  17:30  Hydralisk  
  122  17:32  Roach x2  
  116  17:38  Lurker  
  116  17:40  Hydralisk  
  116  17:43  Roach  
  121  17:46  Roach  
  123  17:51  Hydralisk  
  123  17:55  Roach  
  123  18:02  Viper  
  126  18:10  Drone x2  
  126  18:11  Drone  
  129  18:14  Lurker  
  129  18:16  Hydralisk  
  132  18:34  Hydralisk  
  132  18:41  Hydralisk, Hatchery  
  133  18:47  Hydralisk  
  132  18:53  Spore Crawler  
  131  18:56  Drone x3  
  134  19:03  Viper  
  134  19:07  Lurker  
  134  19:08  Roach x2, Lurker  
  139  19:13  Hydralisk  
  133  19:18  Viper  
  133  19:20  Roach x2  
  136  19:29  Roach x2  
  140  19:32  Drone x2  
  140  19:37  Hydralisk  
  144  19:43  Roach  
  146  19:49  Hydralisk  
  136  19:54  Roach  
  134  20:01  Overseer x2  
  134  20:02  Overseer  
  125  20:07  Hydralisk  
  125  20:11  Roach  
  129  20:14  Hydralisk  
  129  20:21  Lurker x2  
  133  20:24  Roach  
  130  20:35  Roach x2  
  115  20:37  Roach  
  115  20:40  Roach  
  119  20:45  Roach  
  119  20:49  Roach  
  121  21:00  Roach  
  121  21:08  Roach  
Show
View Real Time Build Order
Export as new Build Order

Ragnarok Zerg - Winner!

Build Orders: 3 Hatch before Pool 

Get SALT Encoding   

  12  0:00  Drone  
  13  0:08  Drone  
  14  0:18  Overlord  
  14  0:22  Extractor  
  14  0:23  Drone  
  15  0:36  Drone  
  15  0:37  Drone  
  17  0:52  Hatchery  
  17  0:56  Drone  
  17  1:17  Hatchery  
  16  1:20  Drone  
  16  1:23  Drone  
  18  1:34  Extractor  
  18  1:38  Spawning Pool  
  16  1:40  Drone  
  16  1:44  Drone  
  18  1:47  Drone  
  18  1:53  Drone  
  20  2:04  Drone x2  
  22  2:14  Drone  
  23  2:15  Drone  
  24  2:26  Queen x2  
  28  2:31  Drone  
  28  2:32  Drone  
  28  2:33  Metabolic Boost  
  30  2:41  Queen  
  32  2:46  Overlord  
  32  2:49  Drone  
  33  2:52  Drone  
  33  2:56  Baneling Nest  
  33  2:59  Drone  
  34  3:06  Zergling x6  
  34  3:10  Zergling x4  
  39  3:16  Overlord  
  39  3:22  Zergling x6  
  42  3:36  Drone, Zergling x2  
  42  3:37  Drone x5  
  42  3:38  Drone  
  50  3:44  Baneling x2  
  50  3:45  Baneling x2  
  50  3:52  Evolution Chamber, Overlord  
  49  3:56  Zergling x2  
  50  4:04  Overlord  
  50  4:10  Overlord  
  50  4:12  Drone x6  
  50  4:13  Drone  
  56  4:18  Zerg Missile Weapons Level 1  
  56  4:21  Roach Warren  
  56  4:23  Extractor  
  56  4:24  Drone, Extractor  
  52  4:27  Baneling  
  53  4:31  Drone x2  
  53  4:32  Drone  
  53  4:33  Drone x2  
  58  4:39  Drone x3  
  61  4:48  Drone  
  61  4:49  Drone x2, Overlord  
  61  4:51  Overlord  
  64  4:53  Drone x2  
  66  5:00  Lair  
  66  5:04  Roach  
  66  5:06  Roach x3  
  74  5:07  Overlord  
  74  5:11  Roach  
  74  5:13  Roach  
  74  5:14  Roach, Drone  
  80  5:20  Overlord  
  80  5:21  Roach x2  
  85  5:25  Drone  
  85  5:27  Roach x2, Drone  
  90  5:29  Drone  
  91  5:36  Overlord  
  91  5:37  Roach x3  
  91  5:39  Roach  
  91  5:40  Extractor  
  91  5:41  Roach  
  99  5:44  Roach  
  99  5:49  Roach, Overlord  
  103  5:50  Roach  
  103  5:56  Roach x2  
  109  6:04  Overlord  
  109  6:08  Glial Reconstitution  
  109  6:09  Roach  
  109  6:11  Overlord x2  
  111  6:12  Roach  
  111  6:14  Roach  
  111  6:17  Roach  
  116  6:19  Overlord x2  
  116  6:20  Roach  
  116  6:21  Roach  
  116  6:23  Roach  
  122  6:26  Roach  
  122  6:28  Roach  
  122  6:31  Roach  
  128  6:33  Roach  
  128  6:35  Roach  
  128  6:36  Overlord  
  128  6:38  Roach  
  132  6:40  Roach  
  132  6:42  Roach  
  132  6:45  Roach  
  132  6:46  Roach, Zergling x2  
  141  6:50  Roach  
  141  6:54  Roach, Overlord  
  143  6:56  Roach  
  143  7:00  Roach x3, Zergling x2  
  143  7:01  Zergling x6  
  157  7:06  Roach  
  159  7:10  Roach x2, Overlord  
  159  7:11  Roach  
  159  7:12  Roach  
  165  7:17  Baneling  
  165  7:18  Baneling x2  
  165  7:20  Zergling x2  
  165  7:22  Roach  
  167  7:24  Roach  
  167  7:26  Roach  
  167  7:29  Roach  
  171  7:30  Roach  
  171  7:33  Roach  
  171  7:34  Roach  
  157  7:37  Roach  
  157  7:39  Roach  
  157  7:44  Roach x2  
  140  7:46  Roach, Zergling x2  
  140  7:49  Roach  
  131  7:54  Drone x2  
  131  7:55  Drone x2  
  131  7:57  Extractor  
  131  7:58  Roach  
  127  8:00  Roach  
  127  8:03  Extractor  
  127  8:05  Roach  
  130  8:11  Drone x3  
  130  8:12  Drone x3  
  138  8:13  Roach  
  138  8:14  Roach  
  138  8:18  Roach  
  142  8:21  Roach  
  142  8:23  Roach  
  142  8:25  Roach x2  
  142  8:26  Roach  
  152  8:31  Overseer  
  152  8:35  Overlord  
  152  8:37  Roach x2  
  152  8:40  Roach  
  152  8:41  Roach  
  159  8:45  Roach  
  159  8:46  Hatchery  
  160  8:50  Spire  
  160  8:52  Zerg Missile Weapons Level 2  
  159  8:58  Roach x4  
  159  8:59  Roach  
  169  9:07  Overlord  
  169  9:30  Drone x4, Spine Crawler  
  169  9:31  Spine Crawler x2  
  171  9:33  Spine Crawler  
  171  9:36  Extractor  
  171  9:38  Extractor  
  167  9:48  Drone x3  
  167  9:49  Spine Crawler x2  
  167  9:50  Spine Crawler  
  167  10:01  Mutalisk x3  
  167  10:02  Mutalisk x7  
  167  10:05  Mutalisk  
  189  10:10  Mutalisk  
  191  10:18  Mutalisk  
  191  10:19  Mutalisk  
  195  10:30  Overseer  
  195  10:34  Mutalisk x2  
  196  10:52  Drone x5  
  200  11:01  Drone x2  
  200  11:06  Pneumatized Carapace, Overseer  
  196  11:15  Zerg Ground Armor Level 1  
  196  11:19  Drone x2  
  198  11:35  Queen  
  199  11:44  Centrifical Hooks  
  199  12:05  Zergling x10  
  200  12:15  Zergling x4  
  195  12:24  Zergling x16  
  195  12:28  Zergling x2  
  195  12:29  Zergling x8  
  200  12:33  Overseer  
  200  12:34  Zergling x2  
  200  12:35  Zergling x4  
  200  12:36  Baneling x12  
  200  12:46  Hydralisk Den  
  199  12:56  Baneling x2  
  199  12:57  Baneling x16  
  199  12:58  Baneling x14  
  199  13:00  Overlord x2  
  199  13:04  Hatchery  
  198  13:05  Overseer  
  198  13:12  Overlord  
  198  13:17  Zerg Flyer Weapons Level 1  
  198  13:22  Drone x2  
  198  13:23  Drone x2  
  198  13:26  Grooved Spines  
  200  13:27  Lurker Den  
  200  13:33  Overseer x2  
  193  13:52  Drone x2  
  193  13:55  Drone x4  
  194  13:59  Infestation Pit  
  128  14:27  Roach x5  
  128  14:33  Mutalisk x5  
  128  14:34  Mutalisk x16  
  128  14:37  Drone x4  
  170  14:39  Mutalisk  
  169  14:46  Drone x2  
  169  14:48  Mutalisk x2  
  169  14:49  Spine Crawler  
  169  14:51  Mutalisk  
  175  15:00  Drone  
  175  15:03  Mutalisk x2  
  175  15:04  Mutalisk  
  181  15:12  Hive, Drone  
  182  15:16  Drone  
  182  15:18  Spore Crawler  
  182  15:21  Mutalisk  
  182  15:22  Mutalisk  
  184  15:34  Drone x2  
  177  15:38  Mutalisk x2  
  177  15:39  Mutalisk x2  
  179  15:53  Roach  
  179  15:54  Roach x7  
  179  15:55  Roach  
  195  15:57  Roach  
  195  15:59  Roach  
  195  16:01  Roach  
  195  16:03  Roach  
  189  16:06  Roach  
  189  16:07  Roach  
  189  16:10  Roach  
  167  16:14  Roach x2  
  167  16:16  Roach  
  165  16:18  Roach  
  165  16:21  Roach  
  165  16:23  Roach  
  165  16:25  Roach  
  161  16:27  Roach  
  161  16:32  Roach  
  152  16:46  Drone x2  
  150  16:53  Drone x6  
  145  17:02  Drone  
  146  17:12  Muscular Augments  
  146  17:13  Hydralisk x3  
  152  17:18  Hydralisk  
  152  17:20  Hydralisk  
  156  17:25  Hydralisk  
  156  17:27  Hydralisk  
  156  17:33  Hydralisk  
  156  17:34  Hydralisk  
  152  17:39  Hydralisk x2  
  156  17:45  Zerg Missile Weapons Level 3  
  156  17:49  Lurker  
  156  17:50  Lurker x2  
  159  17:52  Hydralisk  
  159  17:57  Drone  
  161  17:59  Adaptive Talons  
  161  18:00  Drone  
  161  18:02  Hydralisk  
  165  18:05  Lurker  
  165  18:06  Drone  
  165  18:07  Drone  
  165  18:11  Hydralisk  
  165  18:12  Drone  
  170  18:16  Hydralisk  
  170  18:28  Hydralisk  
  170  18:29  Hydralisk x3  
  170  18:33  Lurker x2  
  176  18:49  Overseer  
  176  18:52  Lurker x2  
  176  18:53  Hydralisk x2  
  182  18:57  Overseer  
  182  18:58  Drone x2  
  182  19:02  Hydralisk  
  182  19:04  Hydralisk, Hatchery  
  182  19:06  Roach  
  182  19:09  Roach  
  179  19:19  Hydralisk  
  179  19:20  Roach x3  
  179  19:22  Roach  
  179  19:26  Hydralisk  
  179  19:27  Roach  
  179  19:29  Roach  
  185  19:36  Roach, Hydralisk  
  185  19:37  Roach  
  191  19:39  Hydralisk  
  191  19:42  Roach  
  190  19:51  Overlord  
  189  19:54  Hydralisk  
  189  19:56  Hydralisk  
  189  19:57  Roach x2, Hydralisk  
  191  20:04  Hydralisk  
  191  20:06  Overlord  
  191  20:10  Roach x3  
  191  20:13  Drone  
  194  20:20  Hydralisk  
  194  20:21  Hydralisk  
  196  20:22  Drone  
  196  20:24  Extractor  
  196  20:25  Extractor  
  196  20:27  Hydralisk  
  196  20:28  Roach  
  199  20:29  Roach  
  199  20:33  Roach, Hydralisk  
  173  20:40  Lurker x2  
  171  20:46  Roach, Hydralisk  
  171  20:47  Roach  
  175  20:52  Roach x2  
  175  20:54  Roach  
  175  20:56  Drone x3  
  184  20:58  Roach  
  184  21:00  Roach  
  184  21:03  Roach  

Tags
 
Add a new tag
Caveats
  • Supply blocks, unpowered buildings, or Contaminate may cause inaccurate times.
  • Supply counts are checked every 10 seconds.